 Dungeon Crawl Stone Soup version 0.22.0-25-g7663229 (webtiles) character file.

56921 iamserjio the Cleaver (level 14, -6/92 HPs)
             Began as a Gargoyle Berserker on Aug 20, 2018.
             Was an Elder of Trog.
             Killed by angry trees
             ... awakened by a spriggan druid
              (11 damage)
             ... on level 3 of the Swamp.
             The game lasted 01:01:56 (5577 turns).

iamserjio the Cleaver (Gargoyle Berserker)          Turns: 5577, Time: 01:01:57

Health: -6/92      AC: 36    Str: 22    XL:     14   Next: 26%
Magic:  17/17      EV: 10    Int: 10    God:    Trog [****..]
Gold:   674        SH: 19    Dex: 16    Spells: 13/13 levels left

rFire    + . .     SeeInvis .   S - +6 broad axe (flame)
rCold    + + +     Gourm    .   i - +0 large shield
rNeg     + . .     Faith    .   U - +0 plate armour
rPois    ∞         Spirit   .   k - +1 hat
rElec    +         Reflect  .   x - +1 cloak
rCorr    .         Harm     .   A - +2 pair of gloves
MR       ++...                  T - +2 pair of boots
Stlth    ..........             Q - amulet "Jiapupsi" {+Rage rElec rC+++}
HPRegen  0.25/turn              d - ring of protection from fire
MPRegen  0.15/turn              I - ring of protection from magic

@: agile, berserk cooldown, flying, slowed, very slow
A: big wings, negative energy resistance 1, electricity resistance, unbreathing,
petrification resistance, rot immunity, AC +10
}: 1/15 runes: decaying
a: Stop Flying, Berserk, Trog's Hand, Brothers in Arms, Renounce Religion, Evoke
Berserk Rage


You were on level 3 of the Swamp.
You worshipped Trog.
Trog was greatly pleased with you.
You were not hungry.

You visited 3 branches of the dungeon, and saw 20 of its levels.

You collected 866 gold pieces.
You spent 192 gold pieces at shops.

Inventory:

Hand Weapons
 e - a +4 morningstar of protection
 f - a +2 morningstar of protection
 S - a +6 broad axe of flaming (weapon)
 V - the +6 flail of Uffuq {flame, *Drain MP-9 Str+4 Int+4, unknown}
   (You found it on level 11 of the Dungeon)

   It has been specially enchanted to burn those struck by it, causing extra
   injury to most foes and up to half again as much damage against particularly
   susceptible opponents.
   It affects your strength (+4).
   It affects your intelligence (+4).
   It affects your magic capacity (-9).
   It causes draining when unequipped.
Missiles
 W - 2 javelins of returning (quivered)
Armour
 i - a +0 large shield (worn)
 k - a +1 hat (worn)
 x - a +1 cloak (worn)
 A - a +2 pair of gloves (worn)
 C - +0 swamp dragon scales
 D - a +3 scale mail
 N - a +0 shield
 T - a +2 pair of boots (worn)
 U - a +0 plate armour (worn)
Jewellery
 a - an uncursed ring of poison resistance
 d - a ring of protection from fire (left hand)
 j - an uncursed ring of protection from cold
 u - an uncursed amulet of the gourmand
 I - a ring of protection from magic (right hand)
 Q - the amulet "Jiapupsi" (around neck) {+Rage rElec rC+++}
   (You took it off an orc on level 9 of the Dungeon)

   [amulet of rage]

   It renders you almost immune to cold.
   It insulates you from electricity.
   It lets you go berserk.
Wands
 l - a wand of iceblast (5)
 H - a wand of polymorph (18)
 J - a wand of clouds (3)
 K - a wand of paralysis (20)
 L - a wand of digging (11)
 O - a wand of acid (11)
 Y - a wand of flame (29)
Scrolls
 g - 3 scrolls of fog
 m - 2 scrolls of magic mapping
 n - a scroll of identify {@r1}
 s - 2 scrolls of amnesia
 t - a scroll of immolation
 v - 5 scrolls of remove curse {@r2}
 y - a scroll of random uselessness
 z - a scroll of teleportation {unknown}
Potions
 b - a potion of magic
 h - a potion of agility
 o - 3 potions of lignification
 p - 3 potions of haste
 q - a potion of berserk rage
 w - 2 potions of might
 B - 2 potions of mutation
 X - 4 potions of cancellation
Comestibles
 c - 21 rations


   Skills:
 + Level 12.0 Fighting
 * Level 13.7 Axes
 + Level 11.4 Armour
 - Level 2.0 Dodging
 * Level 12.3 Shields
 + Level 4.5 Evocations


You had 13 spell levels left.
You didn't know any spells.
Your spell library contained the following spells:

 Spells                   Type           Power        Failure   Level  Hunger
 Animate Skeleton         Necr           N/A          100%        1    ##.....
 Pain                     Necr           #...         100%        1    ##.....
 Regeneration             Chrm/Necr      #.........   100%        3    ####...
 Vampiric Draining        Necr           #.........   100%        3    ####...
 Animate Dead             Necr           N/A          100%        4    #####..


Dungeon Overview and Level Annotations

Branches:
Dungeon (12/15)              Lair (4/6) D:11          Swamp (4/4) Lair:4
 Temple: D:4-7        Snake: Lair:2-4    Spider: Lair:2-4       Orc: D:9-12

Altars:
Dithmenos
Elyvilon
Gozag
Hepliaklqana
Okawaru
Qazlal
Trog
Uskayaw
Vehumet
Xom
Zin
The Shining One

Shops:
D:7 !

Annotations:
Swamp:4 1 exclusion, Lernaean hydra


Innate Abilities, Weirdness & Mutations

You are resistant to torment.
Your stone body is resilient. (AC +10)
You are immune to poison.
Your large and strong wings let you fly indefinitely.
You resist negative energy. (rN+)
You are resistant to electric shocks. (rElec)
You can survive without breathing.
You are immune to petrification.
You are immune to rotting.


Message History

* * * LOW HITPOINT WARNING * * *
The spriggan druid hits you but does no damage.
You feel agile all of a sudden.
You feel roots moving beneath the ground.
A tree reaches out but misses you.
You are hit by a branch!
* * * LOW HITPOINT WARNING * * *
The spriggan druid calls out to the beasts of the wild!
You block the spriggan druid's attack.
Press: ? - help, v - describe, . - travel The floor.
Okay, then.
As you read the scroll of fear, it crumbles to dust.
You assume a fearsome visage.
The spriggan druid resists with almost no effort.
The alligator looks frightened!
You are hit by a branch!
* * * LOW HITPOINT WARNING * * *
An alligator comes into view.
You block the spriggan druid's attack. A root smacks you from below.
You die...

#♣##♣#♣## ..i÷.§..♣
♣)# ♣♣♣♣ ♣i♣ ♣♣[.♣♣
#.# ♣≈.(.. ♣@# ♣....
#t# ♣...♣ ♣.# ♣.≈≈≈
♣.# ♣♣♣♣.... #.#
♣♣♣...♣♣..
#♣#'♣♣♣♣♣♣♣..≈♣♣♣♣.♣
♣...t.♣♣....♣♣♣≈..≈♣
♣♣.♣≈.....≈.§≈≈≈≈≈≈♣
♣♣♣♣.≈≈≈.≈♣≈≈≈.≈≈.♣


You could see 2 alligators and a spriggan druid.

Vanquished Creatures
  Louise (Swamp:3)
  14 hydras
  A catoblepas (Lair:4)
  3 ghost crabs (Swamp:3)
  6 alligators (Swamp:4)
  A two-headed ogre (D:11)
  A spriggan druid (Swamp:4)
  6 swamp dragons (Swamp:4)
  2 shambling mangroves
  A black mamba (Lair:3)
  A gargoyle (D:11)
  5 spiny frogs
  A rime drake (Lair:3)
  2 komodo dragons
  9 hornets
  8 tyrant leeches
  A bog body (Swamp:2)
  Grinder (D:4)
  3 hippogriffs
  9 spriggans
  2 shadows
  18 yaks
  6 vampire mosquitoes (Swamp:4)
  9 swamp worms
  9 insubstantial wisps
  A water moccasin (Lair:4)
  3 porcupines (Lair:3)
  3 orc warriors
  12 swamp drakes
  A black bear (D:8)
  2 phantoms (D:4)
  An ice beast (D:11)
  4 ogres
  A necrophage (D:9)
  3 wolves (Lair:3)
  7 centaurs
  A crocodile (Lair:4)
  2 big kobolds (D:10)
  7 bullfrogs
  A wyvern zombie (D:12)
  A gnoll sergeant (D:8)
  A water moccasin skeleton (D:10)
  3 scorpions
  4 killer bees (D:7)
  4 wights
  6 howler monkeys
  A crimson imp (D:8)
  3 jellies
  A centaur skeleton (D:7)
  A hound (D:4)
  A bullfrog skeleton (D:11)
  3 orc priests
  5 worker ants
  Ijyb (D:4)
  An iguana (D:8)
  10 orc wizards
  A hound zombie (D:9)
  2 hound skeletons (D:11)
  2 worker ant zombies (D:9)
  3 gnolls (D:8)
  A howler monkey zombie (D:7)
  10 adders
  2 shadow imps (D:9)
  A worm (D:4)
  3 leopard geckos
  27 orcs
  A giant cockroach (D:4)
  2 hobgoblins (D:2)
  13 jackals
  2 quokkas
  A ball python (D:4)
  4 bats
  3 frilled lizards
  A goblin skeleton (D:9)
  A goblin zombie (D:9)
  3 hobgoblin zombies (D:9)
  12 kobolds
  3 kobold skeletons (D:9)
  A kobold zombie (D:9)
  A quokka skeleton (D:6)
  4 rats
  A fungus (Lair:3)
320 creatures vanquished.

Vanquished Creatures (collateral kills)
  A thorn hunter (Swamp:1)
1 creature vanquished.

Vanquished Creatures (others)
  A spriggan druid (Swamp:3)
1 creature vanquished.

Grand Total: 322 creatures vanquished

Notes
Turn   | Place    | Note
-------+----------+-------------------------------------------
     0 | D:1      | iamserjio the Gargoyle Berserker began the quest for the Orb.
     0 | D:1      | Reached XP level 1. HP: 14/14 MP: 1/1
    91 | D:2      | Reached skill level 3 in Axes
    91 | D:2      | Reached XP level 2. HP: 19/19 MP: 2/2
   201 | D:3      | Reached XP level 3. HP: 13/23 MP: 3/3
   309 | D:3      | Found a white marble altar of Elyvilon.
   444 | D:3      | Found a radiant altar of Vehumet.
   561 | D:4      | Reached XP level 4. HP: 27/29 MP: 4/4
   571 | D:4      | Reached ** piety under Trog
   635 | D:4      | Noticed an ogre
   730 | D:4      | Killed an ogre
   730 | D:4      | Reached skill level 4 in Axes
   730 | D:4      | Reached XP level 5. HP: 33/33 MP: 5/5
   756 | D:4      | Noticed a phantom
   782 | D:4      | Reached XP level 6. HP: 11/39 MP: 6/6
   870 | D:4      | Noticed a phantom
   879 | D:4      | Killed a phantom
   879 | D:4      | Reached skill level 5 in Axes
   885 | D:4      | Killed a phantom
   885 | D:4      | Reached skill level 5 in Fighting
   885 | D:4      | Reached XP level 7. HP: 28/44 MP: 7/7
   911 | D:4      | Noticed Ijyb
   921 | D:4      | Killed Ijyb
   999 | D:5      | Entered Level 5 of the Dungeon
  1208 | D:4      | Noticed Grinder
  1218 | D:4      | Killed Grinder
  1218 | D:4      | Reached skill level 6 in Axes
  1218 | D:4      | Reached skill level 5 in Armour
  1218 | D:4      | Reached XP level 8. HP: 23/51 MP: 8/8
  1224 | D:4      | Got a bloodstained hand axe
  1239 | D:4      | Identified the +2 hand axe "Coh Jew" {vamp, rC+ MP+9 Dex+2} (You found it on level 4 of the Dungeon)
  1273 | D:4      | You fall through a shaft for 3 floors!
  1285 | D:7      | Noticed a hippogriff
  1300 | D:7      | Killed a hippogriff
  1334 | D:6      | Found a shadowy altar of Dithmenos.
  1378 | D:6      | Reached skill level 7 in Axes
  1460 | D:6      | Found a hazy altar of Hepliaklqana.
  1470 | D:6      | Found a hide-covered altar of Uskayaw.
  1470 | D:6      | Found a stormy altar of Qazlal.
  1587 | D:7      | Noticed a spriggan baker
  1597 | D:7      | Reached *** piety under Trog
  1599 | D:7      | Reached XP level 9. HP: 56/56 MP: 9/9
  1640 | D:6      | Reached skill level 8 in Axes
  1647 | D:6      | Found a shimmering altar of Xom.
  1721 | D:7      | Found Bofuituu's Distillery.
  1724 | D:7      | Bought a potion of might for 48 gold pieces
  1724 | D:7      | Bought a potion of curing for 36 gold pieces
  1724 | D:7      | Bought a potion of heal wounds for 60 gold pieces
  1724 | D:7      | Bought a potion of degeneration for 12 gold pieces
  1905 | D:7      | Bought a potion of curing for 36 gold pieces
  2026 | D:9      | Reached skill level 9 in Axes
  2094 | D:9      | Reached **** piety under Trog
  2211 | D:8      | Reached XP level 10. HP: 64/64 MP: 10/10
  2263 | D:9      | Found a glowing golden altar of the Shining One.
  2342 | D:9      | Reached skill level 1 in Shields
  2380 | D:9      | Found a bloodstained altar of Trog.
  2380 | D:9      | Found an iron altar of Okawaru.
  2538 | D:9      | Got a faintly glowing zirconium amulet
  2610 | D:9      | Found a glowing silver altar of Zin.
  2611 | D:9      | Found an opulent altar of Gozag.
  2622 | D:9      | Identified the amulet "Jiapupsi" {+Rage rElec rC+++} (You took it off an orc on level 9 of the Dungeon)
  2624 | D:10     | Entered Level 10 of the Dungeon
  2714 | D:10     | Reached ***** piety under Trog
  2803 | D:10     | Reached skill level 10 in Axes
  2805 | D:10     | Received a gift from Trog
  3022 | D:11     | Noticed a two-headed ogre
  3030 | D:11     | Killed a two-headed ogre
  3044 | D:11     | Got a brightly glowing flail
  3229 | D:11     | Noticed a seven-headed hydra
  3241 | D:11     | Killed a one-headed hydra
  3241 | D:11     | Reached skill level 5 in Shields
  3241 | D:11     | Reached XP level 11. HP: 46/71 MP: 11/11
  3284 | D:11     | Found a staircase to the Lair.
  3326 | Lair:1   | Entered Level 1 of the Lair of Beasts
  3470 | Lair:3   | Noticed an eight-headed hydra
  3481 | Lair:3   | Killed a two-headed hydra
  3501 | Lair:3   | Reached skill level 11 in Axes
  3531 | Lair:3   | Noticed an eight-headed hydra
  3538 | Lair:3   | Killed a five-headed hydra
  3706 | Lair:4   | Reached skill level 10 in Fighting
  3737 | Lair:4   | Found a staircase to the Swamp.
  3794 | Lair:4   | Noticed a catoblepas
  3810 | Lair:4   | Killed a catoblepas
  3810 | Lair:4   | Reached XP level 12. HP: 48/77 MP: 12/12
  3977 | Swamp:1  | Entered Level 1 of the Swamp
  4033 | Swamp:1  | Reached skill level 10 in Armour
  4065 | Swamp:1  | Reached skill level 1 in Evocations
  4068 | Swamp:1  | Noticed a thorn hunter
  4077 | Swamp:1  | HP: 2/78 [thorn hunter/volley of thorns (17)]
  4084 | Swamp:1  | Killed a thorn hunter
  4426 | Swamp:2  | Noticed a five-headed hydra
  4433 | Swamp:2  | Killed a one-headed hydra
  4433 | Swamp:2  | Reached skill level 12 in Axes
  4449 | Swamp:3  | Noticed Louise
  4449 | Swamp:3  | Noticed a spriggan rider
  4449 | Swamp:3  | Noticed a spriggan rider
  4482 | Swamp:3  | Killed Louise
  4511 | Swamp:4  | Entered Level 4 of the Swamp
  4562 | Swamp:4  | Noticed a seven-headed hydra
  4571 | Swamp:4  | Killed a two-headed hydra
  4585 | Swamp:3  | Found a runed door.
  4585 | Swamp:3  | Noticed a spriggan rider
  4585 | Swamp:3  | Noticed a spriggan rider
  4585 | Swamp:3  | Noticed a spriggan rider
  4591 | Swamp:3  | Reached XP level 13. HP: 72/84 MP: 15/15
  4593 | Swamp:3  | Reached skill level 10 in Shields
  4790 | Swamp:4  | Noticed the 27-headed Lernaean hydra
  4984 | Swamp:3  | Reached skill level 13 in Axes
  5133 | Swamp:4  | Received a gift from Trog
  5324 | Swamp:4  | Gained mutation: Your large and strong wings let you fly indefinitely. [Gargoyle growth]
  5324 | Swamp:4  | Reached XP level 14. HP: 60/91 MP: 17/17
  5418 | Swamp:4  | Got a decaying rune of Zot
  5573 | Swamp:3  | HP: 4/92 [spriggan druid/angry trees (7)]
  5577 | Swamp:3  | Killed from afar by a spriggan druid

Skill      XL: |  1  2  3  4  5  6  7  8  9 10 11 12 13 14 |
---------------+-------------------------------------------+-----
Axes           | 3 4 5 6 7 9 10 11 12 13 | 13.7
Armour         | 3 4 5 6 7 8 9 10 11 | 11.4
Fighting       | 4 5 6 8 9 10 11 12 | 12.0
Shields        | 5 8 9 11 12 | 12.3
Dodging        | 2 |  2.0
Evocations     | 3 4 |  4.5

Action                   |  1- 3 |  4- 6 |  7- 9 | 10-12 | 13-15 || total
-------------------------+-------+-------+-------+-------+-------++-------
Melee: Hand axe          |    39 |       |   223 |   270 |       ||   532
       War axe           |    41 |    88 |    53 |       |       ||   182
       Broad axe         |       |       |       |   305 |   288 ||   593
Invok: Berserk           |     3 |     3 |     8 |     9 |     4 ||    27
       Trog's Hand       |       |     1 |       |    14 |    12 ||    27
       Brothers in Arms  |       |       |       |     1 |     1 ||     2
 Abil: Fly               |       |       |       |       |     1 ||     1
Evoke: Wand              |       |       |       |    13 |     3 ||    16
  Use: Potion            |       |     4 |       |     3 |     5 ||    12
       Scroll            |       |       |     3 |    14 |     2 ||    19
 Stab: Paralysed         |       |       |       |     8 |       ||     8
       Petrified         |       |       |       |     7 |       ||     7
  Eat: Ration            |       |     1 |     3 |       |     4 ||     8
       Chunk             |       |     2 |    19 |    21 |     3 ||    45
Armor: Animal skin       |    13 |       |       |       |       ||    13
       Ring mail         |     4 |       |       |       |       ||     4
       Scale mail        |    43 |    43 |       |       |       ||    86
       Chain mail        |       |    14 |   231 |   149 |       ||   394
       Plate armour      |       |       |       |   250 |   314 ||   564
Dodge: Dodged            |    81 |    46 |   144 |   120 |    56 ||   447
Block: Shield            |       |       |       |   256 |       ||   256
       Large shield      |       |       |       |    47 |   353 ||   400
